 Dungeon Crawl Stone Soup version 0.26-a0-540-g8a0c9464d7 (webtiles) character file.

Game seed: 8354733983421054209

27 kobby the Sneak (level 2, -1/22 HPs)
             Began as a Vampire Brigand on Aug 22, 2020.
             Slain by a shadow imp (2 damage)
             ... on level 2 of the Dungeon.
             The game lasted 00:01:57 (1075 turns).

kobby the Sneak (Vampire Brigand)                   Turns: 1075, Time: 00:01:57

Health: -1/22      AC:  3    Str: 10    XL:     2   Next: 93%
Magic:  2/2        EV: 12    Int: 13    God:
Gold:   101        SH:  0    Dex: 15    Spells: 1/1 levels left

rFire    . . .     SeeInvis +   a - +2 dagger
rCold    . . .     Faith    .   (no shield)
rNeg     . . .     Spirit   .   b - +0 robe
rPois    .         Reflect  .   (no helmet)
rElec    .         Harm     .   c - +0 cloak
rCorr    .                      (no gloves)
MR       .....                  (no boots)
Stlth    +++.......             (no amulet)
HPRegen  0.27/turn              (no ring)
MPRegen  0.08/turn              (no ring)

@: mighty, regenerating quickly
A: fangs 3, see invisible, unbreathing
a: Exsanguinate


You were on level 2 of the Dungeon.
You visited 1 branch of the dungeon, and saw 2 of its levels.

You collected 101 gold pieces.

Inventory:

Hand Weapons
 a - a +2 dagger (weapon)
Missiles
 d - 8 poisoned darts (quivered)
 e - 2 curare-tipped darts
Armour
 b - a +0 robe (worn)
 c - a +0 cloak (worn)
Scrolls
 f - 2 scrolls of teleportation {unknown}
 g - 3 scrolls of identify {unknown}
 i - 2 scrolls of magic mapping {unknown}
 l - a scroll of fog {unknown}
 m - a scroll of enchant weapon {unknown}
Potions
 h - 3 potions of might
 j - 3 potions of curing {unknown}
 k - a potion of magic {unknown}


   Skills:
 + Level 2.1 Fighting
 + Level 2.3 Short Blades
 + Level 1.6 Throwing
 + Level 1.1 Dodging
 + Level 6.9 Stealth


You had one spell level left.
You didn't know any spells.
Your spell library was empty.

Dungeon Overview and Level Annotations

Branches:
Dungeon (2/15)

Altars:


Innate Abilities, Weirdness & Mutations

Your natural rate of healing is unusually fast.
You have razor-sharp teeth.
You have supernaturally acute eyesight. (SInv)
You can survive without breathing.


Message History

The shadow imp hits you but does no damage.
The rat twitches its whiskers.
The leopard gecko bites you.
* * * LOW HITPOINT WARNING * * *
It was a potion of might.
You feel very mighty all of a sudden. The shadow imp barely misses you.
The leopard gecko barely misses you.
You barely miss the shadow imp.
The shadow imp is moderately wounded.
The leopard gecko closely misses you. The shadow imp completely misses you.
You completely miss the shadow imp.
The shadow imp is moderately wounded.
The leopard gecko bites you.
* * * LOW HITPOINT WARNING * * *
The shadow imp hits you.
* * * LOW HITPOINT WARNING * * *
You hit the shadow imp.
The shadow imp is almost dead.
The leopard gecko closely misses you. The shadow imp hits you.
You die...

.. ##.....# .......
..#.#......##.......
....#......#.......
....#......#.......
...........#...####
..................# .# .
..................# .#.#.#.
......<...........# .#.#...
.......####.)...@.##.......
.......####.....5l#.5..l...
.........##.......#........
....##...##................
.........##............#...
...##....#.................
.#.......+........##.......
##.#.#...#.........#.......
#.#++...+...........g.....


You could see a shadow imp and a leopard gecko.

Vanquished Creatures
  2 dart slugs (D:1)
  3 bats (D:1)
  A giant cockroach (D:1)
  2 goblins
  4 hobgoblins (D:1)
  3 frilled lizards
  4 kobolds
  4 rats (D:1)
23 creatures vanquished.

Notes
Turn   | Place    | Note
-------+----------+-------------------------------------------
     0 | D:1      | kobby the Vampire Brigand began the quest for the Orb.
     0 | D:1      | Reached XP level 1. HP: 16/16 MP: 1/1
   114 | D:1      | Reached skill level 6 in Stealth
   277 | D:1      | Reached XP level 2. HP: 18/22 MP: 2/2
  1074 | D:2      | HP: 1/22 [shadow imp (2)]
  1075 | D:2      | Slain by a shadow imp

Illustrated notes

Levels and vault maps discovered:
D:1:      minmay_arrival_glassed_features, layout_loops_corners, minivault_23
D:2:      layout_basic, zin_academy, lemuel_crystal_altar,
          uniq_crazy_yiuf_cottage

Skill      XL: |  1 |
---------------+----+-----
Stealth        | 6 |  6.9
Fighting       | 2 |  2.1
Short Blades   | |  2.3
Throwing       | |  1.6
Dodging        | |  1.1

Action                   || total
-------------------------++-------
Melee: Dagger            ||    72
       Bite              ||     2
  Use: Potion            ||     1
 Stab: Sleeping          ||     4
Armor: Robe              ||    14
Dodge: Dodged            ||    41

Table legend: (Time is in decaauts)
 A = Elapsed time spent in this place.
 B = Non-inter-level travel time spent in this place.
 C = Inter-level travel time spent in this place.
 D = Time resting spent in this place.
 E = Time spent auto-exploring this place.
 F = Levels seen in this place.
 G = Mean time per level.
                   A        B        C        D        E       F      G
               +--------+--------+--------+--------+--------+-----+--------+
         Total |   1066 |   1066 |      0 |      0 |    848 |   2 |  533.0 |
       Dungeon |   1066 |   1066 |      0 |      0 |    848 |   2 |  533.0 |
               +--------+--------+--------+--------+--------+-----+--------+

Top non-repeatable levels by time:
     D:1: 943 daAuts
     D:2: 123 daAuts
